 Dungeon Crawl Stone Soup version 0.23-a0-49-gd9f7a49 (webtiles) character file.

792 poirepourri the Basher (level 7, -3/41 HPs)
             Began as a Gargoyle Fighter on Aug 8, 2018.
             Slain by a scorpion (5 damage)
             ... on level 5 of the Dungeon.
             The game lasted 00:03:42 (4283 turns).

poirepourri the Basher (Gargoyle Fighter)           Turns: 4283, Time: 00:03:43

Health: -3/41      AC: 12    Str: 20    XL:     7   Next: 88%
Magic:  7/7        EV:  7    Int:  8    God:
Gold:   167        SH:  9    Dex: 11    Spells: 6/6 levels left

rFire    x . .     SeeInvis .   a - +1 flail
rCold    + . .     Gourm    .   c - +0 shield
rNeg     + . .     Faith    .   b - +0 scale mail
rPois    ∞         Spirit   .   o - +1 hat
rElec    +         Reflect  .   (no cloak)
rCorr    .         Harm     .   (no gloves)
MR       .....                  (no boots)
Stlth    ..........             (no amulet)
HPRegen  0.13/turn              k - ring of ice
MPRegen  0.10/turn              (no ring)

@: flying
A: negative energy resistance 1, electricity resistance, unbreathing,
petrification resistance, rot immunity, AC +4
a: no special abilities


You were on level 5 of the Dungeon.
You were not hungry.

You visited 1 branch of the dungeon, and saw 5 of its levels.

You collected 167 gold pieces.

Inventory:

Hand Weapons
 a - a +1 flail (weapon)
Armour
 b - a +0 scale mail (worn)
 c - a +0 shield (worn)
 o - a +1 hat (worn)
Jewellery
 k - a ring of ice (left hand)
Scrolls
 d - a scroll of remove curse
Potions
 j - a potion of mutation
Comestibles
 f - 6 rations


   Skills:
 - Level 3.2 Fighting
 + Level 8.8 Maces & Flails
 - Level 3.2 Armour
 - Level 3.2 Shields


You had 6 spell levels left.
You didn't know any spells.
Your spell library contained the following spells:

 Spells                   Type           Power        Failure   Level  Hunger
 Confuse                  Hex            #.......     100%        3    ####...
 Confusing Touch          Hex            #.....       99%         1    ##.....
 Metabolic Englaciation   Hex/Ice        #.........   100%        5    ######.
 Petrify                  Tmut/Erth      #.......     100%        4    #####..
 Gell's Gravitas          Tloc           #.........   100%        3    ####...
 Yara's Violent Unravell  Hex/Tmut       #.........   100%        5    ######.


Dungeon Overview and Level Annotations

Branches:
Dungeon (5/15)
 Temple: D:4-7

Altars:
Hepliaklqana
Qazlal
Sif Muna
Uskayaw
Vehumet
Yredelemnul
Zin


Innate Abilities, Weirdness & Mutations

You are resistant to torment.
Your stone body is resilient. (AC +4)
You are immune to poison.
You resist negative energy. (rN+)
You are resistant to electric shocks. (rElec)
You can survive without breathing.
You are immune to petrification.
You are immune to rotting.


Message History

You closely miss the scorpion.
The scorpion is moderately wounded.
The scorpion barely misses you.
You hit the scorpion.
The scorpion is heavily wounded.
You block the scorpion's attack.
You closely miss the scorpion.
The scorpion is heavily wounded.
The scorpion barely misses you.
You hit the scorpion but do no damage.
The scorpion is heavily wounded.
The scorpion stings you.
* * * LOW HITPOINT WARNING * * *
You sock the scorpion!
The scorpion is almost dead.
You block the scorpion's attack.
You barely miss the scorpion.
The scorpion is almost dead.
The scorpion stings you.
You die...

## ... .. ###.###
##. ##.....## .#
...#.......# .
....#.#.......#....
........(._........
....#.#.......#....
. .. #)s.....# .
... ##@....## ...
###.### #. .... #
.#### ####.####.# #
#.......#.# #..
#.........
...####.......#
.....?.........#


You could see a scorpion.

Vanquished Creatures
  2 centaurs
  An ogre (D:5)
  2 scorpions
  2 howler monkeys (D:5)
  A hound (D:4)
  3 orc wizards
  Jessica (D:3)
  A worker ant (D:4)
  4 gnolls (D:3)
  8 adders
  An adder zombie (D:2)
  2 adder skeletons (D:4)
  4 worms
  2 dart slugs (D:2)
  6 leopard geckos
  8 orcs
  5 giant cockroaches
  9 goblins
  5 hobgoblins
  7 jackals
  2 quokkas
  A ball python (D:3)
  8 bats
  4 frilled lizards
  2 gnoll zombies (D:2)
  5 kobolds
  6 rats
102 creatures vanquished.

Notes
Turn   | Place    | Note
-------+----------+-------------------------------------------
     0 | D:1      | poirepourri the Gargoyle Fighter began the quest for the Orb.
     0 | D:1      | Reached XP level 1. HP: 14/14 MP: 1/1
   288 | D:1      | Reached XP level 2. HP: 19/19 MP: 2/2
   387 | D:1      | Reached skill level 3 in Maces & Flails
   659 | D:2      | Reached XP level 3. HP: 20/23 MP: 3/3
   987 | D:2      | Noticed a centaur
  1005 | D:2      | Killed a centaur
  1005 | D:2      | Reached skill level 5 in Maces & Flails
  1005 | D:2      | Reached XP level 4. HP: 14/28 MP: 4/4
  1170 | D:2      | Reached XP level 5. HP: 31/32 MP: 5/5
  1692 | D:2      | Found a basalt altar of Yredelemnul.
  1948 | D:3      | Reached skill level 6 in Maces & Flails
  1948 | D:3      | Reached XP level 6. HP: 28/37 MP: 6/6
  2568 | D:3      | Noticed Jessica
  2576 | D:3      | Killed Jessica
  2584 | D:3      | Found a deep blue altar of Sif Muna.
  2826 | D:4      | Reached skill level 7 in Maces & Flails
  2828 | D:4      | Found a stormy altar of Qazlal.
  2920 | D:4      | Found a glowing silver altar of Zin.
  2970 | D:4      | Reached XP level 7. HP: 37/41 MP: 7/7
  3447 | D:4      | Found a hazy altar of Hepliaklqana.
  3552 | D:4      | Found a radiant altar of Vehumet.
  3691 | D:5      | Entered Level 5 of the Dungeon
  3711 | D:5      | HP: 1/41 [ogre/giant club (16)]
  3715 | D:5      | Reached skill level 8 in Maces & Flails
  4189 | D:5      | Found a hide-covered altar of Uskayaw.
  4275 | D:5      | HP: 2/41 [centaur (2)]
  4281 | D:5      | HP: 2/41 [scorpion (1)]
  4283 | D:5      | Slain by a scorpion

Vault maps used:
D:1:      eino_arrival_tree_alley
D:2:      lemuel_zombie_altar_yredelemnul, grunt_ministairs_11,
          minmay_misc_feat_hallway
D:3:      tgw_sif, serial_bayou_pond_a
D:4:      nicolae_qazlal_general_emergency, nicolae_overflow_hidden_temple
D:5:      old_standard_altar, overflow_temple_1_default, temple_doors_e,
          serial_shops, shop, nicolae_shop_temple_entry_statues_fountains, shop,
          nicolae_shop_statue_plus, first_ration, uniq_duvessa

Skill      XL: |  1  2  3  4  5  6  7 |
---------------+----------------------+-----
Maces & Flails | 3 5 6 7 8 |  8.8
Fighting       | |  3.2
Armour         | |  3.2
Shields        | |  3.2

Action                   |  1- 3 |  4- 6 |  7- 9 || total
-------------------------+-------+-------+-------++-------
Melee: Flail             |   107 |   296 |    86 ||   489
  Use: Scroll            |     1 |     8 |     4 ||    13
       Potion            |       |     2 |     3 ||     5
  Eat: Ration            |       |     2 |     1 ||     3
       Chunk             |       |     1 |     1 ||     2
Armor: Scale mail        |    70 |   172 |    33 ||   275
Dodge: Dodged            |    63 |    78 |    23 ||   164
Block: Shield            |    69 |   149 |    41 ||   259

Table legend:
 A = Spawn XP
 B = Non-spawn XP
 C = Spawn XP percentage of total XP
 D = Spawn monster count
 E = Non-spawn monster count
 F = Spawn count percentage of total count
 G = Total turns spent on level
                    A         B        C        D         E        F      G
               +---------+---------+-------+---------+---------+-------+---------
         Total |       0 |    1132 |   0.0 |       0 |     102 |   0.0 |  4283
               +---------+---------+-------+---------+---------+-------+---------
           D:1 |       0 |      23 |   0.0 |       0 |      16 |   0.0 |   577
           D:2 |       0 |     181 |   0.0 |       0 |      24 |   0.0 |  1135
           D:3 |       0 |     237 |   0.0 |       0 |      35 |   0.0 |  1005
           D:4 |       0 |     284 |   0.0 |       0 |      22 |   0.0 |  1430
           D:5 |       0 |     407 |   0.0 |       0 |       5 |   0.0 |   136
               +---------+---------+-------+---------+---------+-------+---------
